[Event "Early-Titled-Tuesday-Blitz-October-03-2023"]
[Site "Chess.com"]
[Date "2023.10.03"]
[Round "6"]
[White "CristianS27"]
[Black "amylazy"]
[Result "1/2-1/2"]
[WhiteElo "2497"]
[BlackElo "2381"]
[TimeControl "180+1"]
[EndTime "9:09:20 PDT"]
[Termination "Game drawn by repetition"]

1. e4 c5 2. Nf3 e6 3. d4 cxd4 4. Nxd4 a6 5. Be2 Qc7 6. O-O Nc6 7. Kh1 Nf6 8. Nc3 d6 9. Be3 Be7 10. f4 O-O 11. Qe1 Nxd4 12. Bxd4 b5 13. a3 Bb7 14.
Qg3 g6 15. Bd3 Nh5 16. Qh3 Nxf4 17. Qh6 e5 18. Rxf4 exd4 19. Nd5 Bxd5 20. exd5 f5 21. Re1 Rae8 22. Ref1 Bf6 23. Qh3 Qe7 24. Qf3 Qe3 25.
a4 Bg5 26. Qxe3 dxe3 27. R4f3 f4 28. g3 fxg3 29. Rxf8+ Rxf8 30. Rxf8+ Kxf8 31. hxg3 bxa4 32. Bxa6 Ke7 33. Kg2 Bf6 34. c3 Bg5 35. Bb5 Kf6 36. Bxa4 Ke5 37. Kf3 Kxd5 38. Bb3+ Ke5 39. Bg8 h6 40. b4 d5 41. Bf7 Kd6 42. Bxg6 Bf6 43. Kxe3 Bxc3 44. b5 Kc5 45. Be8 Kc4 46. Kf4 Kc5 47. Ke3 Kc4 48. g4 d4+ 49. Ke2 d3+ 50.
Kd1 Ba5 51. Bd7 Kd4 52. Be8 Ke5 53. Bd7 Kf4 54. Bc8 Kg5 55. Bf5 d2 56. Bd7 Kf4 57. Ke2 Ke5 58. Be8 Kd4 59. Bf7 Kc3 60. Kd1 Kb4 61.
Be8 Bb6 62. Bd7 Kc3 63. Be8 Be3 64. Bf7 Kb4 65. Be8 Kb3 66. Bf7+ Kc3 67. Be8 Bb6 68. Bf7 Ba5 69. Be8 Kd4 70. Bd7 Ke3 71. Bc8 Kf4 72.
Bd7 Ke5 73. Bc8 Kd6 74. Bf5 Kc7 75. Bg6 Kb6 76. Be8 Kc5 77. Kc2 Kd6 78. Bc6 Ke5 79. Bd7 Kf4 80. Bc8 Kg3 81. Bd7 Kf2 82. Kd1 Ke3 83. Bc8 Kd4 84. Bb7 Kc5 85. Bc6 Kd6 86. Kc2 Ke5 87. Be8 Kf4 88. Bd7 Ke3 89. Kd1 Kf3 90.
Bc8 Kf2 91. Bb7 Ke3 92. Bc6 Bb6 93. Bd7 Kd3 94. Bf5+ Kc3 95. Bd7 Ba5 96. Bc6 Kb4 97. Bd7 Kc5 98. Be8 Kd4 99. Kc2 Ke3 100. Kd1 Kd3 101.
Bh5 Bb6 102. Bg6+ Ke3 103. Be8 Kf4 104. Bd7 Ke5 105. Kxd2 Kd6 106. Be8 Kc5 107. Ke3 Bd8 108. Ke4 Bg5 109. Kf5 Kb6 110. Ke6 Bc1 111. Kd5 Bg5 112. Ke6 Bc1 113. Bd7 Bg5 114. Bc6 Bc1 115. Kd5 Bg5 116. Kc4 Bc1 117. Kd3 Bg5 118. Kc2 Bf4 119. Kd3 Bg5 120. Ke4 Bc1 121. Kd5 Bg5 122. Kc4 Bc1 123. Kc3 Bg5 124. Kc2 Bf4 125.
Kd1 Bg5 126. Ke2 Bf4 127. Kf3 Bg5 128. Ke4 Bc1 129. Kd5 1/2-1/2

[Event "Early-Titled-Tuesday-Blitz-October-03-2023"]
[Site "Chess.com"]
[Date "2023.10.03"]
[Round "6"]
[White "noblerone"]
[Black "emeli_chess"]
[Result "1/2-1/2"]
[WhiteElo "2490"]
[BlackElo "2351"]
[TimeControl "180+1"]
[EndTime "9:09:24 PDT"]
[Termination "Game drawn - insufficient material"]

1. d4 Nf6 2. Nf3 d5 3. Bg5 e6 4.
Nbd2 Be7 5. e3 Nbd7 6. Bd3 O-O 7. O-O Re8 8. c3 Nf8 9. Ne5 N6d7 10. Bxe7 Qxe7 11.
f4 f6 12. Nxd7 Bxd7 13. Qh5 g6 14. Qh4 e5 15. fxe5 fxe5 16. Qg3 e4 17. Be2 Be6 18.
Rf2 Qd6 19. Qxd6 cxd6 20. Bd1 Nd7 21. Bb3 Rf8 22. Nxe4 Rxf2 23. Nxf2 Nf6 24. e4 Re8 25. exd5 Bxd5 26. Kf1 Kg7 27. h3 a5 28. Bxd5 Nxd5 29. Re1 Ne3+ 30. Kg1 Kf7 31. Nd3 Nc4 32. Rxe8 Kxe8 33. Kf2 Kf7 34. Ke2 Ke6 35. b3 Nb6 36. Kf3 a4 37. Nf4+ Kf6 38. Ke3 g5 39. Ne2 h5 40. c4 axb3 41. axb3 Nd7 42. Nc3 Kf5 43. Nd5 g4 44. h4 Nf8 45. g3 Ne6 46. Nc3 Ng7 47.
Ne2 Ne6 48. d5 Nc5 49. b4 Nb3 50. Nf4 Na1 51. Nxh5 Nc2+ 52. Kd3 Nxb4+ 53. Kd2 Na6 54. Ng7+ Ke5 55. Ne6 Nb4 56. h5 b5 57. h6 bxc4 58. h7 c3+ 59. Kd1 Nxd5 60. h8=Q+ Kxe6 61. Kc1 Nf6 62. Qh4 d5 63. Kc2 d4 64. Kd3 Ke5 65. Qg5+ Ke6 66.
Qf4 Nd5 67. Qe4+ Kd6 68. Qxd4 Ke6 69. Qe4+ Kd6 70. Kd4 Ne7 71. Qf4+ Kc6 72. Qxg4 c2 73. Qf3+ Kd6 74. Qa3+ Ke6 75. Qc1 Nf5+ 76. Kd3 Nxg3 77.
Qe3+ Kd5 78. Kxc2 Ne4 79. Qd3+ Ke5 80. Qe3 Kd5 81. Kd3 Nc5+ 82. Kc3 Ne4+ 83. Kb4 Nd6 84.
Qf4 Ne4 85. Kb5 Kd4 86. Kb4 Kd5 87. Qf3 Kd4 88. Qg4 Kd5 89. Qh4 Kd4 90. Qe7 Kd3 91.
Kb3 Kd4 92. Kb2 Kd5 93. Kc2 Kd4 94. Kd1 Kd3 95. Qe5 Ke3 96. Ke1 Kd3 97. Qd5+ Ke3 98. Kd1 Nc3+ 99. Kc2 Nxd5 1/2-1/2

[Event "Early-Titled-Tuesday-Blitz-October-03-2023"]
[Site "Chess.com"]
[Date "2023.10.03"]
[Round "6"]
[White "Vesper2018"]
[Black "UNSTOPPABLE_LEGEND"]
[Result "0-1"]
[WhiteElo "2575"]
[BlackElo "2459"]
[TimeControl "180+1"]
[EndTime "9:09:48 PDT"]
[Termination "UNSTOPPABLE_LEGEND won on time"]

1. e4 c5 2. Nc3 Nc6 3. Bb5 Nd4 4. Bc4 a6 5. a4 Nf6 6. Nge2 e6 7. d3 d5 8. exd5 exd5 9. Ba2 Nc6 10. O-O Be7 11. Nf4 Nb4 12. Bb3 O-O 13. Re1 Bf5 14. Na2 Nc6 15. c3 b5 16. Qf3 c4 17. Bc2 Bd6 18. Nxd5 Bxd3 19. Bxd3 cxd3 20. Nxf6+ Qxf6 21. Qxd3 bxa4 22. Be3 Ne5 23. Qe4 Qg6 24. Bf4 Rfe8 25.
Qxg6 hxg6 26. Bxe5 Bxe5 27. Nb4 Bd6 28. Nd3 Rxe1+ 29.
Rxe1 Rb8 30. g3 Rb3 31. Re8+ Kh7 32. Ra8 Rb6 33. Kf1 a3 34. bxa3 Bxa3 35. Ke2 g5 36.
Kd2 g4 37. c4 Rh6 38. Kc3 Be7 39. c5 Rxh2 40. Rxa6 Bxc5 41. Nxc5 Rxf2 42. Rd6 Rf3+ 43.
Rd3 Kg6 44. Ne4 Kf5 45. Kd4 Rf1 46. Nd2 Rf2 47. Ke3 Rg2 48. Ne4 Ra2 49. Rd5+ Ke6 50. Rb5 g6 51. Kf4 f5 52. Rb6+ Ke7 53. Ng5 Ra4+ 54. Ke5 Ra5+ 55. Kd4 Ra3 56. Re6+ Kd7 57. Rxg6 Rxg3 58. Ke5 Rg1 59. Kxf5 g3 60. Ne4 g2 61. Ke5 Kc7 62. Rg7+ Kb6 63. Rg6+ Ka5 64. Rg3 Kb4 65. Rg4 Ka3 66. Rg3+ Kb2 67. Ke6 Kc1 68. Ke5 Kc2 69.
Ke6 Kd1 70. Ke5 Ke2 71. Ng5 Kf2 72. Ne4+ Ke2 73. Ng5 Re1 74. Rxg2+ Kf1+ 75. Ne4 Kxg2 76. Kf4 Ra1 77. Ng5 Ra8 78. Ne4 Ra4 79. Ke3 Rb4 80. Kf4 Rb3 81. Ng5 Kf2 82. Ne4+ Ke2 83. Ng5 Rb4+ 84.
Kf5 Ke3 85. Ne6 Rb5+ 86. Kf6 Ke4 87. Ng5+ Kf4 88. Ne6+ Kg4 89. Nd4 Rd5 90. Ne6 Ra5 91.
Kg6 Ra6 92. Kf6 Ra5 93. Kg6 Rf5 94. Nd4 Rf4 95. Ne6 Rf1 96. Nd4 Kf4 97. Ne6+ Ke5 98. Ng5 Rg1 99. Kh6 Kf5 100. Nh7 Rg6+ 101. Kh5 Ra6 102. Ng5 Ra1 0-1

[Event "Early-Titled-Tuesday-Blitz-October-03-2023"]
[Site "Chess.com"]
[Date "2023.10.03"]
[Round "6"]
[White "Heydarli77"]
[Black "Henryk_S"]
[Result "0-1"]
[WhiteElo "2310"]
[BlackElo "2165"]
[TimeControl "180+1"]
[EndTime "9:09:56 PDT"]
[Termination "Henryk_S won on time"]

1. e4 e6 2. d4 d5 3. e5 c5 4. c3 Nc6 5. Nf3 Qb6 6. a3 Bd7 7. b4 cxd4 8. cxd4 Rc8 9. Bb2 Na5 10. Nbd2 Nc4 11. Qb3 Bb5 12. Rd1 Ne7 13. a4 Nxd2 14.
Bxb5+ Qxb5 15. Kxd2 Qc4 16. Qxc4 dxc4 17. Bc3 Nd5 18.
b5 Be7 19. Kc2 Kd7 20. Nd2 Rc7 21. Ne4 b6 22. g3 Rhc8 23. Ra1 Nb4+ 24. Bxb4 Bxb4 25.
Rhd1 h6 26. d5 exd5 27. Rxd5+ Ke6 28. Rad1 c3 29. f4 g6 30. Nd6 Bxd6 31. Rxd6+ Ke7 32. R1d3 h5 33. R6d4 Ke6 34. h3 Kf5 35. Rd6 Ke4 36. R6d4+ Kf5 37. Rd6 Ke4 38. Rf6 Re8 39. Rd1 Re6 40.
Re1+ Kf3 41. g4 hxg4 42. hxg4 Kxg4 43. Rxe6 fxe6 44. Rg1+ Kf5 45. Rxg6 Kxf4 46. Rxe6 Kf5 47. Re8 Rc4 48. e6 Rxa4 49. Kxc3 Re4 50. e7 Kf6 51. Kd3 Rxe7 52. Ra8 Rc7 53. Kd4 Ke6 54. Re8+ Kd7 55.
Rh8 Kd6 56. Rh6+ Kd7 57. Rh7+ Kc8 58. Rh8+ Kb7 59. Rh5 Rd7+ 60. Kc4 a6 61. Kb4 axb5 62. Kxb5 Rf7 63. Rh6 Rf5+ 64. Kb4 Rf4+ 65. Kc3 Rf3+ 66.
Kd4 Rf4+ 67. Ke5 Rf7 68. Kd5 Rc7 69. Rg6 Rc5+ 70. Kd4 Rc7 71. Rd6 Rc6 72. Rd7+ Rc7 73. Rd8 Rc6 74. Kd5 Rc5+ 75. Kd6 Rc3 76. Re8 Rd3+ 77.
Ke6 b5 78. Rh8 Kb6 79. Rb8+ Kc5 80. Rc8+ Kb4 81. Ke5 Rd2 82. Ke4 Rd7 83. Rb8 Ka4 84. Ke3 Kb4 85. Ke2 Kc4 86. Rc8+ Kb3 87. Rh8 b4 88. Rh3+ Kb2 89. Rh8 b3 90. Rb8 Kc2 91. Rc8+ Kb1 92. Rb8 b2 93. Ra8 Rd5 94. Ra7 Kc2 95.
Rc7+ Kb3 96. Rb7+ Kc3 97. Rd7 Rxd7 98. Ke3 b1=Q 99. Kf4 Qe1 100. Kf3 Rd2 101. Kg4 Rf2 102. Kg3 Qg1+ 0-1

[Event "Early-Titled-Tuesday-Blitz-October-03-2023"]
[Site "Chess.com"]
[Date "2023.10.03"]
[Round "6"]
[White "Aradhya2000"]
[Black "igorkovalenko"]
[Result "0-1"]
[WhiteElo "2694"]
[BlackElo "2869"]
[TimeControl "180+1"]
[EndTime "9:12:08 PDT"]
[Termination "igorkovalenko won on time"]

1. d4 Nf6 2. Nf3 g6 3. g3 Bg7 4.
Bg2 d6 5. O-O O-O 6. Nc3 Nc6 7.
d5 Nb4 8. Nd4 Bd7 9. h3 c5 10. dxc6 Nxc6 11. Be3 Qc8 12. Kh2 Rd8 13. Nxc6 bxc6 14. Qd2 Qb7 15. b3 Qb4 16. Rad1 Rac8 17. Ne4 Qxd2 18. Nxf6+ Bxf6 19. Rxd2 c5 20. c4 a5 21. Bh6 Rc7 22. e4 a4 23. Be3 Rb8 24. Rd3 axb3 25. axb3 Bg7 26. Rfd1 Bc6 27. f4 Rcb7 28.
Rb1 h5 29. e5 Bxg2 30. Kxg2 dxe5 31. fxe5 Rc8 32. Rd5 Rbc7 33. Bf4 e6 34. Rd3 Rb7 35. g4 hxg4 36. hxg4 Rcb8 37. g5 Rb4 38. Rc3 Rd8 39. Kf3 Rb7 40. Re3 Rd4 41. Rc1 Ra7 42. Rcc3 Ra2 43. Rcd3 Bf8 44. Rxd4 cxd4 45. Rd3 Bc5 46. Bg3 Rb2 47. Bf2 Kf8 48. Bxd4 Bxd4 49. Rxd4 Rxb3+ 50. Kf4 Ke7 51. Rd6 Rc3 52. Rc6 Kd7 53. Rc5 Rc1 54.
Kg4 Rd1 55. Kf4 Rf1+ 56. Kg4 Rd1 57. Kf3 Rd4 58. Kg3 Rd3+ 59. Kf4 Rd1 60. Kf3 Rf1+ 61. Kg4 Rf5 62. Ra5 Kc6 63. Rb5 Kc7 64. Rc5+ Kb7 65. Rb5+ Kc6 66. Ra5 Rf1 67. Kg3 Rc1 68. Ra7 Rf1 69.
Ra5 Kb6 70. Rb5+ Ka6 71. Rc5 Rf5 72. Kg4 Ka7 73. Rb5 Ka6 74. Rc5 Kb6 75. Rb5+ Kc6 76. Ra5 Rf2 77. Kg3 Rf1 78. Kg4 Kd7 79. Kg3 Rf5 80. Kg4 Ke7 81. Ra7+ Ke8 82. Ra8+ Ke7 83. Ra7+ Kf8 84. Ra5 Rf1 85. Ra8+ Kg7 86. Ra5 Rc1 87. Rc5 Kf8 88. Rc8+ Ke7 89. Rc7+ Ke8 90. Rc5 Kd7 91. Kf4 Ra1 92. Rb5 Kc6 93. Rb8 Kc5 94. Rc8+ Kd4 95.
Rd8+ Kxc4 96. Rd7 Rf1+ 97. Ke4 Rf5 98. Rc7+ Kb5 99. Kd4 Kb6 100. Re7 Kc6 101. Ke4 Rf1 102. Ra7 Re1+ 103. Kd4 Rd1+ 104. Ke4 Re1+ 105. Kd4 Rf1 106. Ke4 Kb5 107. Rc7 Kb4 108. Kd4 Rf5 109. Rb7+ Ka4 110. Ke4 Ka5 111. Kd4 Ka6 112. Rd7 Kb6 113. Ke4 Kb5 114.
Rb7+ Kc4 115. Rc7+ Kb3 116. Kd4 Kb2 117. Ke4 Kb3 118.
Kd4 Ka4 119. Ke4 Kb5 120. Rd7 Kc6 121. Ra7 Rf1 122. Re7 Re1+ 123. Kd4 Rf1 124. Ke4 Rf2 125. Kd4 Rf5 126. Ke4 Rxg5 127. Rxf7 Rg4+ 128. Kf3 Rg1 129. Rf6 Kd5 130. Kf4 g5+ 131. Kf3 Kxe5 132. Rh6 Kf5 133. Kf2 Ra1 134. Rh3 Ra2+ 135. Kg1 Kf4 136. Rb3 e5 137. Rb4+ e4 138. Rb3 e3 139. Rb8 Kg3 140. Kf1 g4 141.
Re8 e2+ 142. Ke1 Kg2 143. Rg8 Ra1+ 144. Kxe2 g3 145. Rh8 Ra7 0-1

[Event "Early-Titled-Tuesday-Blitz-October-03-2023"]
[Site "Chess.com"]
[Date "2023.10.03"]
[Round "7"]
[White "Fantastic_Power"]
[Black "Murad_Ibrahimli"]
[Result "1-0"]
[WhiteElo "2788"]
[BlackElo "2905"]
[TimeControl "180+1"]
[EndTime "9:14:17 PDT"]
[Termination "Fantastic_Power won by resignation"]

1. e4 c5 2. Nf3 d6 3. d4 cxd4 4. Nxd4 Nf6 5. Nc3 a6 6. Be3 e5 7.
Nb3 Be6 8. Qd2 Nbd7 9. O-O-O Be7 10. f4 Rc8 11. Kb1 O-O 12. f5 Bc4 13. g4 Bxf1 14. Rdxf1 Nxg4 15. Rhg1 Nxe3 16. Qxe3 Nf6 17. Qh6 Ne8 18.
Rxg7+ Nxg7 19. Rg1 Bf6 20. Nd5 1-0

[Event "Early-Titled-Tuesday-Blitz-October-03-2023"]
[Site "Chess.com"]
[Date "2023.10.03"]
[Round "7"]
[White "Jospem"]
[Black "ShiroglanTalibov"]
[Result "1-0"]
[WhiteElo "3072"]
[BlackElo "2904"]
[TimeControl "180+1"]
[EndTime "9:15:11 PDT"]
[Termination "Jospem won by resignation"]

1. e4 c5 2. Nf3 e6 3. c3 d5 4. e5 d4 5. g3 Bd7 6. Bg2 Bc6 7. O-O Ne7 8. cxd4 cxd4 9. d3 Nf5 10. Nbd2 Nd7 11. Ne4 Nc5 12. Bg5 Qb6 13. Nxc5 Bxc5 14. Rb1 h6 15. Bf4 g5 16. Bd2 Bd5 17. Ne1 Bxa2 18. Qa4+ 1-0

[Event "Early-Titled-Tuesday-Blitz-October-03-2023"]
[Site "Chess.com"]
[Date "2023.10.03"]
[Round "7"]
[White "HanSchut"]
[Black "JohnWhite1952"]
[Result "1-0"]
[WhiteElo "2317"]
[BlackElo "2033"]
[TimeControl "180+1"]
[EndTime "9:15:15 PDT"]
[Termination "HanSchut won by resignation"]

1. e4 c5 2. Nf3 e6 3. c4 Nc6 4. Nc3 d6 5. d4 cxd4 6. Nxd4 Nf6 7. Be3 Be7 8. Be2 a6 9. Qd2 O-O 10. f3 Nxd4 11. Bxd4 Rb8 12. Rc1 Bd7 13. a4 Qa5 14. O-O Bc6 15. Rfd1 Qc7 16. Nd5 exd5 17. cxd5 Bd7 18. Rxc7 Bd8 19. Bxf6 Bxc7 20. Qg5 g6 21.
Qh6 1-0

[Event "Early-Titled-Tuesday-Blitz-October-03-2023"]
[Site "Chess.com"]
[Date "2023.10.03"]
[Round "7"]
[White "viktorgen2021"]
[Black "Guzman70"]
[Result "0-1"]
[WhiteElo "2419"]
[BlackElo "2316"]
[TimeControl "180+1"]
[EndTime "9:15:16 PDT"]
[Termination "Guzman70 won by resignation"]

1. d4 Nf6 2. Nf3 c5 3. d5 b5 4.
c4 d6 5. Qc2 g6 6. e4 Bg7 7. cxb5 a6 8. Nc3 O-O 9. h3 e6 10. Be3 exd5 11. exd5 Re8 12. Bd3 axb5 13. Bxb5 Bf5 14. Bd3 Bxd3 15. Qxd3 Qb6 16. Qd2 Qa6 17. Qe2 Qxe2+ 18. Kxe2 Nbd7 19. Kd2 Nb6 20. Bf4 Ne4+ 21. Nxe4 Rxe4 22. Bxd6 Nc4+ 23. Kd3 Nxd6 0-1

[Event "Early-Titled-Tuesday-Blitz-October-03-2023"]
[Site "Chess.com"]
[Date "2023.10.03"]
[Round "7"]
[White "LuisFSiles"]
[Black "dadice10"]
[Result "1-0"]
[WhiteElo "2275"]
[BlackElo "2158"]
[TimeControl "180+1"]
[EndTime "9:15:22 PDT"]
[Termination "LuisFSiles won by resignation"]

1. b4 d5 2. Bb2 Qd6 3. a3 e5 4.
e3 Nd7 5. c4 d4 6. Nf3 dxe3 7. fxe3 e4 8. Nd4 Qg6 9. Nc3 c6 10. Qc2 f5 11. O-O-O Ngf6 12. Be2 Be7 13. Ne6 Bd8 14. Nxd8 Kxd8 15. d3 Kc7 16. dxe4 fxe4 17. g4 Ne5 18. Nb5+ 1-0

[Event "Early-Titled-Tuesday-Blitz-October-03-2023"]
[Site "Chess.com"]
[Date "2023.10.03"]
[Round "7"]
[White "UNSTOPPABLE_LEGEND"]
[Black "Dixit_Nikhil"]
[Result "0-1"]
[WhiteElo "2455"]
[BlackElo "2642"]
[TimeControl "180+1"]
[EndTime "9:16:01 PDT"]
[Termination "Dixit_Nikhil won by resignation"]

1. Nf3 Nf6 2. c4 g6 3. Nc3 Bg7 4. e4 d6 5. d4 O-O 6. Be2 e5 7. O-O Nc6 8. d5 Ne7 9. Ne1 Nd7 10. f3 f5 11. Nd3 f4 12. b4 g5 13. c5 Ng6 14. c6 Nf6 15. cxb7 Bxb7 16. b5 h5 17. a4 Bc8 18. Nf2 Rf7 19. Ba3 Bf8 20. Rc1 Rg7 21. a5 Nh4 22. h3 g4 23.
fxg4 hxg4 24. hxg4 Nh5 25. gxh5 Rxg2+ 26. Kh1 Qg5 27.
Rg1 Qg3 28. Ng4 Qh3+ 0-1

[Event "Early-Titled-Tuesday-Blitz-October-03-2023"]
[Site "Chess.com"]
[Date "2023.10.03"]
[Round "7"]
[White "Zq1"]
[Black "carloseduar100"]
[Result "0-1"]
[WhiteElo "2503"]
[BlackElo "2346"]
[TimeControl "180+1"]
[EndTime "9:16:06 PDT"]
[Termination "carloseduar100 won by resignation"]

1. d4 d5 2. c4 e5 3. dxe5 d4 4.
Nf3 Nc6 5. a3 Nge7 6. e3 Bg4 7.
exd4 Bxf3 8. Qxf3 Qxd4 9. Qe3 Qxe5 10. Qxe5 Nxe5 11. Be2 O-O-O 12. O-O N7c6 13. Be3 Nd4 14. Bxd4 Rxd4 15. f4 Nxc4 16. Bxc4 Rxc4 17. Nc3 Bd6 18. g3 Re8 19. Rae1 Rxe1 20. Rxe1 Bxa3 21. bxa3 Rxc3 22. Re7 b5 23. Rxf7 Rxa3 24. Rxg7 b4 25. Rg5 a6 26.
Rg8+ Kb7 27. f5 b3 28. Rg4 a5 0-1

[Event "Early-Titled-Tuesday-Blitz-October-03-2023"]
[Site "Chess.com"]
[Date "2023.10.03"]
[Round "7"]
[White "Xqswdc"]
[Black "Triumphmate"]
[Result "0-1"]
[WhiteElo "2326"]
[BlackElo "2492"]
[TimeControl "180+1"]
[EndTime "9:16:10 PDT"]
[Termination "Triumphmate won by resignation"]

1. e4 d5 2. exd5 Nf6 3. Bb5+ c6 4. dxc6 Nxc6 5. Nf3 Bg4 6. h3 Bh5 7. g4 Bg6 8. d4 e6 9. Nc3 Bd6 10. Bg5 h6 11. Be3 O-O 12. Qd2 Bb4 13. Bd3 Ne4 14. Bxe4 Bxe4 15. Ke2 Bxc3 16. Qxc3 Qd5 17. Nd2 Bxh1 18.
f3 Bg2 19. Rg1 Bxh3 20. Rg3 Rad8 21. Nb3 e5 22. Qc5 exd4 23. Qxd5 Rxd5 24. Bf4 f5 25. g5 hxg5 26. Bxg5 f4 0-1

[Event "Early-Titled-Tuesday-Blitz-October-03-2023"]
[Site "Chess.com"]
[Date "2023.10.03"]
[Round "7"]
[White "Barmen_EV"]
[Black "GianmarcoVaR"]
[Result "0-1"]
[WhiteElo "2457"]
[BlackElo "2653"]
[TimeControl "180+1"]
[EndTime "9:16:27 PDT"]
[Termination "GianmarcoVaR won by resignation"]

1. e4 c5 2. c3 Nf6 3. e5 Nd5 4. d4 d6 5. Nf3 cxd4 6. cxd4 Nc6 7. Bc4 Nb6 8. Bb5 dxe5 9. Nxe5 Bd7 10. Nc3 Nxe5 11. dxe5 Bxb5 12. Nxb5 Qxd1+ 13. Kxd1 Nd5 14. Ke2 a6 15. Rd1 O-O-O 16. Nd4 e6 17. Bg5 Be7 18. Rac1+ Kb8 19. Bxe7 Nxe7 20. Nb3 Ng6 21. Rxd8+ Rxd8 22. f4 Nxf4+ 23. Kf3 Nd3 24. Rc2 Ne1+ 0-1

[Event "Early-Titled-Tuesday-Blitz-October-03-2023"]
[Site "Chess.com"]
[Date "2023.10.03"]
[Round "7"]
[White "CSB7"]
[Black "Martial2008"]
[Result "1-0"]
[WhiteElo "2746"]
[BlackElo "2604"]
[TimeControl "180+1"]
[EndTime "9:16:30 PDT"]
[Termination "CSB7 won by resignation"]

1. d4 Nf6 2. c4 e6 3. Nc3 Bb4 4. a3 Bxc3+ 5. bxc3 O-O 6. f3 c5 7. e4 b6 8. Bg5 d6 9. Bd3 e5 10. Ne2 Nc6 11. O-O h6 12. Bh4 Ba6 13. f4 exf4 14.
Nxf4 g5 15. Bg3 gxf4 16. Bh4 Nb8 17. Rxf4 Nbd7 18. Qf3 Kg7 19. Rf1 Qe7 20. Rxf6 1-0

[Event "Early-Titled-Tuesday-Blitz-October-03-2023"]
[Site "Chess.com"]
[Date "2023.10.03"]
[Round "7"]
[White "Kopytkin"]
[Black "Boxerandchessplayer"]
[Result "1-0"]
[WhiteElo "2390"]
[BlackElo "2164"]
[TimeControl "180+1"]
[EndTime "9:16:33 PDT"]
[Termination "Kopytkin won by resignation"]

1. d4 e6 2. e4 d5 3. e5 c5 4. Nf3 Qb6 5. Bd3 Nc6 6. O-O cxd4 7. a3 a5 8. c3 Bd7 9. Re1 a4 10. Bc2 dxc3 11. Nxc3 Na5 12. Nxa4 Qc7 13. b3 Rc8 14. Bd3 Ne7 15. Be3 Ng6 16. Bb6 Bxa4 17. Bxc7 Bxb3 18. Bxa5 Bxd1 19. Bb5+ Ke7 20. Rexd1 Nf4 21. Rac1 1-0

[Event "Early-Titled-Tuesday-Blitz-October-03-2023"]
[Site "Chess.com"]
[Date "2023.10.03"]
[Round "7"]
[White "zajka-molotok"]
[Black "RianKapriaga"]
[Result "1-0"]
[WhiteElo "2560"]
[BlackElo "2335"]
[TimeControl "180+1"]
[EndTime "9:16:34 PDT"]
[Termination "zajka-molotok won by resignation"]

1. g3 d5 2. Bg2 Nf6 3. f4 c6 4. Nf3 Bf5 5. d3 e6 6. O-O h6 7.
Nc3 Bc5+ 8. Kh1 g5 9. fxg5 hxg5 10. Bxg5 Nbd7 11. e4 Bg4 12. d4 Be7 13. e5 Ne4 14.
Bxe7 Qxe7 15. Qe1 Nxc3 16. bxc3 O-O-O 17. Rb1 Rh7 18. Kg1 Rdh8 19. h4 Bxf3 20. Rxf3 f5 21. exf6 Nxf6 22. Qe5 Rg7 23. Qxf6 Qc7 24. Qxe6+ Kb8 25.
Qe5 Rhg8 26. Qxc7+ Kxc7 27. Kh2 1-0

[Event "Early-Titled-Tuesday-Blitz-October-03-2023"]
[Site "Chess.com"]
[Date "2023.10.03"]
[Round "7"]
[White "vladoboch"]
[Black "JiiHart"]
[Result "1-0"]
[WhiteElo "2403"]
[BlackElo "2191"]
[TimeControl "180+1"]
[EndTime "9:16:57 PDT"]
[Termination "vladoboch won by checkmate"]

1. e4 e5 2. Nf3 Nf6 3. Bc4 Nc6 4. d3 Be7 5. O-O d6 6. a4 Bg4 7. h3 Bh5 8. c3 Qd7 9. Re1 O-O-O 10. Nbd2 g5 11.
Nf1 Bg6 12. a5 g4 13. hxg4 Nxg4 14. b4 f5 15. b5 Nb8 16. b6 cxb6 17. axb6 a6 18.
Qb3 Qe8 19. Be6+ Nd7 20. Qc4+ Kb8 21. Qc7+ Ka8 22. Rxa6+ bxa6 23. Bd5# 1-0

[Event "Early-Titled-Tuesday-Blitz-October-03-2023"]
[Site "Chess.com"]
[Date "2023.10.03"]
[Round "7"]
[White "AnaKuchava"]
[Black "maurovargas01"]
[Result "1-0"]
[WhiteElo "2240"]
[BlackElo "1900"]
[TimeControl "180+1"]
[EndTime "9:16:57 PDT"]
[Termination "AnaKuchava won on time"]

1. d4 d5 2. Nf3 Nf6 3. c4 c6 4. Qb3 e6 5. Bg5 Nbd7 6. e3 h6 7.
Bh4 Bd6 8. Nc3 g5 9. Bg3 Bxg3 10. hxg3 Qb6 11. Nxg5 Qd8 12. Nf3 Ng4 13. Bd3 Ndf6 14.
e4 dxe4 15. Nxe4 1-0

[Event "Early-Titled-Tuesday-Blitz-October-03-2023"]
[Site "Chess.com"]
[Date "2023.10.03"]
[Round "7"]
[White "venturov"]
[Black "Mesa_1"]
[Result "0-1"]
[WhiteElo "2486"]
[BlackElo "2630"]
[TimeControl "180+1"]
[EndTime "9:16:59 PDT"]
[Termination "Mesa_1 won by resignation"]

1. e4 e6 2. d4 d5 3. Nd2 Nc6 4. Ngf3 Nf6 5. e5 Nd7 6. Nb3 Be7 7. c3 f6 8. Bb5 O-O 9. exf6 Bxf6 10. Bf4 e5 11. Bxc6 bxc6 12. dxe5 Re8 13. O-O Nxe5 14. Nxe5 Bxe5 15. Bxe5 Rxe5 16. Nd4 Qd6 17. Re1 Rxe1+ 18. Qxe1 Bd7 19. Qd2 c5 20. Nf3 Bg4 21. Ne1 Re8 22.
f3 Bf5 23. Rd1 d4 24. cxd4 cxd4 25. Nc2 c5 26. Na3 Qd5 27. b4 c4 28. Qxd4 Re1+ 29. Kf2 Rxd1 0-1

[Event "Early-Titled-Tuesday-Blitz-October-03-2023"]
[Site "Chess.com"]
[Date "2023.10.03"]
[Round "7"]
[White "RamonManon0g"]
[Black "ural58"]
[Result "0-1"]
[WhiteElo "2291"]
[BlackElo "2518"]
[TimeControl "180+1"]
[EndTime "9:17:07 PDT"]
[Termination "ural58 won by resignation"]

1. e4 d5 2. exd5 Qxd5 3. Nc3 Qd6 4. d4 c6 5. Nf3 Bf5 6. Be2 e6 7. O-O Nf6 8. Bg5 Be7 9. Qd2 h6 10. Bf4 Qd8 11. Rad1 Nbd7 12. Ne5 Nxe5 13. Bxe5 Bd6 14.
Qe3 Bxc2 15. Rd2 Bg6 16. f4 O-O 17. Bc4 Nd5 18. Qg3 Bxe5 19. dxe5 Qb6+ 20. Kh1 Ne3 21. Be2 Nxf1 22. Bxf1 Rad8 23. Rf2 Bf5 24. h3 Rd4 25.
Ne2 Rd1 26. Ng1 Rfd8 27. Kh2 R8d2 28. Rf3 Rxb2 0-1

[Event "Early-Titled-Tuesday-Blitz-October-03-2023"]
[Site "Chess.com"]
[Date "2023.10.03"]
[Round "7"]
[White "Sergey85Rodchenkov"]
[Black "zozik"]
[Result "1-0"]
[WhiteElo "2525"]
[BlackElo "2336"]
[TimeControl "180+1"]
[EndTime "9:17:09 PDT"]
[Termination "Sergey85Rodchenkov won by resignation"]

1. e4 e6 2. d4 d5 3. Nc3 Nf6 4. e5 Nfd7 5. f4 c5 6. Nf3 Nc6 7. Be3 a6 8. Ne2 b5 9. c3 b4 10. cxb4 cxd4 11. Nexd4 Bxb4+ 12. Kf2 Nxd4 13. Bxd4 O-O 14.
Rc1 Bb7 15. Qb3 Qa5 16. a3 Bc5 17. Qxb7 Bxd4+ 18. Nxd4 Qd2+ 19. Ne2 Rfd8 20. Qb4 Qd3 21. Nd4 Qe4 22. Nc6 1-0

[Event "Early-Titled-Tuesday-Blitz-October-03-2023"]
[Site "Chess.com"]
[Date "2023.10.03"]
[Round "7"]
[White "amylazy"]
[Black "a-z30"]
[Result "0-1"]
[WhiteElo "2376"]
[BlackElo "2507"]
[TimeControl "180+1"]
[EndTime "9:17:10 PDT"]
[Termination "a-z30 won by resignation"]

1. d4 Nf6 2. Nf3 e6 3. e3 c5 4.
Bd3 b6 5. O-O Be7 6. c4 Bb7 7.
Nc3 cxd4 8. exd4 d5 9. Nxd5 exd5 10. cxd5 O-O 11. Bf4 Nxd5 12. Bg3 Nd7 13. Re1 N7f6 14. Ne5 Rc8 15. a3 Re8 16. Bf5 Rc7 17. Qd3 g6 18.
Nxf7 Kxf7 19. Be6+ Kg7 20. Bxc7 Nxc7 21. Bb3 Bd6 22.
h3 Bd5 23. Ba4 Re4 24. f3 Rxe1+ 25. Rxe1 Bg3 26. Re2 Qd6 27. Qe3 Ne6 28. Kh1 Nh5 29. Qc3 Bf4 30. Qc8 Ng3+ 0-1

[Event "Early-Titled-Tuesday-Blitz-October-03-2023"]
[Site "Chess.com"]
[Date "2023.10.03"]
[Round "7"]
[White "Al_Shima"]
[Black "azikom"]
[Result "0-1"]
[WhiteElo "2339"]
[BlackElo "2572"]
[TimeControl "180+1"]
[EndTime "9:17:17 PDT"]
[Termination "azikom won by resignation"]

1. b3 c5 2. Bb2 Nc6 3. e3 e5 4. Bb5 d6 5. Ne2 Ne7 6. O-O a6 7. Bxc6+ Nxc6 8. d4 cxd4 9. exd4 Be7 10. dxe5 dxe5 11.
Qxd8+ Bxd8 12. c4 f6 13. Nbc3 Be6 14. f4 Bb6+ 15. Kh1 O-O-O 16. fxe5 Nxe5 17. h3 Rd2 18. Bc1 Rc2 19. Bf4 Nd3 20. Bg3 Rd8 21. Na4 Ba7 22.
Nf4 Bf7 23. Nxd3 Rxd3 24. Bf4 Be8 25. Rac1 Rxa2 26. Rfd1 Rxd1+ 27. Rxd1 Bxa4 28. bxa4 Rxa4 29. Rc1 Bc5 0-1